 Dungeon Crawl Stone Soup version 0.29.0-13-gc9e81de378 (webtiles) character file.

Game seed: 6204665458167099474

34570 SnakkuSnakku7 the Severer (level 13, -6/129 HPs)
             Began as a Naga Warper on Sept 9, 2022.
             Was a High Priest of the Shining One.
             Mangled by a pearl dragon (7 damage)
             ... on level 2 of the Abyss.
             The game lasted 00:38:26 (21922 turns).

SnakkuSnakku7 the Severer (Naga Warper)            Turns: 21922, Time: 00:38:27

Health: -6/129     AC: 26    Str: 19      XL:     13   Next: 78%
Magic:  14/14      EV:  1    Int: 11 (12) God:    the Shining One [*****.]
Gold:   547        SH:  8    Dex:  8 (10) Spells: 16/16 levels left

rFire   . . .      SeeInvis +   a - +4 war axe (freeze)
rCold   . . .      Faith    .   n - +0 kite shield
rNeg    + + +      Spirit   .   (body armour currently unavailable)
rPois   +          Reflect  .   (helmet currently unavailable)
rElec   .          Harm     .   (cloak currently unavailable)
rCorr   .          Rampage  .   (gloves currently unavailable)
Will    +....      NoTele   +   (no barding)
Stlth   +.........              (no amulet)
HPRegen 0.00/turn               m - ring of positive energy
MPRegen 0.14/turn               c - +6 ring of strength

@: mighty, tree-form, sick, inhibited regen, glowing, unable to read
A: stationary, stasis, torment immunity, boosted hp, AC +4, large, see
invisible, (deformed body), (poison resistance), (slowness 2), spit poison 1,
(naga tail 2), [deterioration 2], [dopey 2], [frail 3], [low MP 2], [inhibited
regeneration], [weak 2], [inability to read after injury 2]
a: Spit Poison, Renounce Religion, Divine Shield, Cleansing Flame, Summon Divine
Warrior


You were on level 2 of the Abyss.
You worshipped the Shining One.
The Shining One was extremely pleased with you.
You were a tree.
You visited 3 branches of the dungeon, and saw 16 of its levels.
You visited the Abyss 1 time.

You collected 1223 gold pieces.
You spent 676 gold pieces at shops.

Inventory:

Hand Weapons
 a - a +4 war axe of freezing (weapon)
 b - a +2 scimitar of flaming
 J - a +0 vorpal hand axe
Missiles
 d - 9 boomerangs of dispersal
 o - 2 curare-tipped darts
 E - 7 boomerangs
Armour
 f - the +3 scale mail of the Shoals (melded) {Dex+4}
   (You bought it in a shop on level 1 of the Dungeon)

   Dex:       It affects your dexterity (+4).
 k - a +0 cloak (melded)
 n - a +0 kite shield (worn)
 A - a +0 pair of gloves (melded)
 C - a +0 barding (melded)
 O - a +2 helmet (melded)
Jewellery
 c - a +6 ring of strength (right branch)
 m - a ring of positive energy (left branch)
 F - a ring of positive energy
Wands
 u - a wand of flame (32)
 I - a wand of paralysis (6)
 K - a wand of quicksilver (11)
 L - a wand of roots (10)
Scrolls
 j - 2 scrolls of fog
 q - a scroll of silence
 r - 3 scrolls of immolation
 s - 2 scrolls of vulnerability
 v - a scroll of brand weapon
 y - 2 scrolls of enchant weapon
 H - a scroll of identify
Potions
 e - 5 potions of brilliance
 i - a potion of mutation
 t - a potion of attraction
 w - 5 potions of flight
 x - 2 potions of magic
 z - a potion of might
 B - 3 potions of resistance
 D - a potion of ambrosia
 G - 3 potions of curing


   Skills:
 - Level 10.0 Fighting
 - Level 16.0 Axes
 - Level 0.8 Throwing
 - Level 10.0 Armour
 - Level 1.5 Dodging
 - Level 4.4 Shields
 - Level 2.0 Spellcasting
 - Level 3.0 Translocations
 + Level 6.5 Invocations


You had 16 spell levels left.
You didn't know any spells.
Your spell library contained the following spells:

 Spells                   Type           Power      Damage    Failure   Level
 Apportation              Tloc           14%        N/A       19%         1
 Blink                    Tloc           14%        N/A       28%         2
 Gell's Gravitas          Tloc           7%         N/A       50%         3
 Lesser Beckoning         Tloc           7%         N/A       50%         3
 Teleport Other           Tloc           7%         N/A       50%         3
 Necrotise                Necr           4%         1d4       54%         1
 Summon Small Mammal      Summ           4%         N/A       54%         1
 Scorch                   Fire           2%         2d5       69%         2
 Stone Arrow              Conj/Erth      2%         3d7       89%         3
 Manifold Assault         Tloc           7%         N/A       99%         5
 Animate Armour           Summ/Erth      2%         N/A       100%        4
 Animate Dead             Necr           1%         N/A       100%        4
 Flame Wave               Conj/Fire      1%         2d4       100%        4
 Borgnjor's Vile Clutch   Necr/Erth      0%         N/A       100%        5
 Death Channel            Necr           0%         N/A       100%        6
 Summon Cactus Giant      Summ           0%         N/A       100%        6
 Lehudib's Crystal Spear  Conj/Erth      0%         10d2      100%        8


Dungeon Overview and Level Annotations

Branches:
Dungeon (10/15)            Temple (1/1) D:7            Lair (5/5) D:8
 Shoals (0/4) Lair:2       Spider (0/4) Lair:2        Slime (0/5) Lair:4
    Orc: D:9-12

Altars:
Ashenzari
Cheibriados
Dithmenos
Elyvilon
Fedhas
Gozag
Hepliaklqana
Kikubaaqudgha
Makhleb
Nemelex Xobeh
Okawaru
Qazlal
Ru
Sif Muna
Trog
Uskayaw
Vehumet
Wu Jian
Xom
Yredelemnul
Zin
The Shining One
Jiyva

Shops:
D:1 [   D:2 *((*   D:5 :   D:6 [   D:8 !   D:10 *

Annotations:
D:3 1 runed translucent door
Lair:5 Sonja


Innate Abilities, Weirdness & Mutations

You are a tree.
Your roots penetrate the ground, keeping you stationary.
You cannot be teleported.
You are immune to unholy pain and torment.
Your maximum health is greatly increased.
Your equipment is partially melded.
((Your serpentine skin is tough. (AC +4)))
You have supernaturally acute eyesight. (SInv)
((Armour fits poorly on your strangely shaped body.))
((Your system is resistant to poisons. (rPois)))
((You cover ground very slowly.))
You can spit poison.
((You can use your snake-like lower body to constrict enemies.))
[Your body often deteriorates upon taking damage.]
[You are very dopey. (Int -4)]
[You are extremely frail. (-30% HP)]
[Your magical capacity is very low. (-20% MP)]
[You do not regenerate when monsters are visible.]
[You are very weak. (Str -4)]
[You sometimes lose the ability to read scrolls when taking damage.]


Message History

The pearl dragon is heavily wounded.
The pearl dragon bites you!
* * * LOW HITPOINT WARNING * * *
Your body deteriorates!
You feel clumsy. The pearl dragon claws you.
* * * LOW HITPOINT WARNING * * *
You hit the pearl dragon. You freeze the pearl dragon.
The pearl dragon is heavily wounded.
The wretched star is engulfed in blessed fire.
The pearl dragon completely misses you. The pearl dragon claws you.
* * * LOW HITPOINT WARNING * * *
Unknown command.
You slash the pearl dragon! You freeze the pearl dragon.
The pearl dragon is heavily wounded.
The wretched star is engulfed in blessed fire.
You block the pearl dragon's attack.
The pearl dragon claws you but does no damage.
Unknown command.
You slash the pearl dragon! You freeze the pearl dragon.
The pearl dragon is severely wounded.
The pearl dragon bites you but does no damage.
The pearl dragon completely misses you.
Unknown command.
You closely miss the pearl dragon.
The pearl dragon is severely wounded.
You block the pearl dragon's attack.
The pearl dragon claws you but does no damage.
Unknown command.
You slash the pearl dragon! You freeze the pearl dragon.
The pearl dragon is almost dead.
The smoke demon gestures at you. Something smites you!
* * * LOW HITPOINT WARNING * * *
Your body deteriorates!
You feel clumsy.
Unknown command.
You feel better. The pearl dragon bites you!
* * * LOW HITPOINT WARNING * * *
The pearl dragon claws you but does no damage.
You block the pearl dragon's attack. The pearl dragon claws you!
You die...

. # .# # ..###. #.
#...#. #... #....##
.#.# . #....##...# .#
. ### #.♣.#.. ..# .
.. # #D###.# .... # #
#. #*.##.#.# .. .
#.#. #3# ....... # #
#.##. # ####*.. #..
##..##..#.##...§....#
.. ## .#§§D. .......
.#.*.*..D*.... .
..... . . # .##..#
..... .


You could see a pearl dragon, a wretched star and a smoke demon.

Vanquished Creatures
  A tentacled starspawn (Abyss:2)
  A hydra (Lair:4)
  A catoblepas (Lair:3)
  A shadow wraith (Abyss:2)
  A fire crab (Lair:3)
  An orb spider (Lair:2)
  A manticore (Lair:2)
  A worldbinder (Abyss:2)
  19 elephants
  6 cane toads
  A smoke demon (Abyss:2)
  2 rime drakes
  3 large abominations (Abyss:2)
  5 komodo dragons
  Maggie (D:7)
  An ancient zyme (Abyss:2)
  4 polar bears
  Grinder (D:4)
  A wind drake (Lair:2)
  2 hornets (D:10)
  6 blink frogs (Lair:2)
  3 raiju (Abyss:2)
  4 flying skulls (Abyss:2)
  Sigmund (D:6)
  A shadow (D:8)
  3 wyverns
  25 yaks
  4 basilisks
  A steam dragon (D:10)
  Menkaure (D:7)
  Duvessa (D:4)
  10 water moccasins
  A swamp drake (D:8)
  A sky beast (D:7)
  5 orc warriors
  2 ice beasts
  3 black bears
  34 wolves
  A boggart (Lair:5)
  6 centaurs
  A phantom (D:5)
  A kobold brigand (D:7)
  4 small abominations (Abyss:2)
  11 bullfrogs
  A necrophage (D:4)
  A gnoll sergeant (D:9)
  A scorpion (D:4)
  12 wights
  Dowan (D:4)
  3 howler monkeys
  2 starcursed masses (Abyss:2)
  The ghost of inqbanana the Ducker, a weakling FeMo (D:4)
  A jelly (D:5)
  6 orc priests
  A gnoll bouda (D:5)
  5 hounds
  An iron imp (Abyss:2)
  2 iguanas
  Ijyb (D:3)
  Terence (D:2)
  10 orc wizards
  10 adders
  8 gnolls
  A shadow imp (D:7)
  4 white imps
  An ufetubus (Abyss:2)
  2 worms (D:3)
  2 dart slugs
  39 orcs
  15 ball pythons
  An endoplasm (D:2)
  6 giant cockroaches
  6 hobgoblins
  10 kobolds
  5 quokkas
  4 bats
  A frilled lizard (D:1)
  4 goblins
  5 rats
358 creatures vanquished.

Vanquished Creatures (others)
  24 fungi
  39 plants
  7 starspawn tentacles (Abyss:2)
70 creatures vanquished.

Grand Total: 428 creatures vanquished

Notes
Turn   | Place    | Note
-------+----------+-------------------------------------------
     0 | D:1      | SnakkuSnakku7 the Naga Warper began the quest for the Orb.
     0 | D:1      | Reached XP level 1. HP: 19/19 MP: 3/3
    91 | D:1      | Found a faded altar of an unknown god.
   409 | D:1      | Found Zexiven's Antique Armour Emporium.
   647 | D:1      | Reached XP level 2. HP: 26/26 MP: 5/5
   858 | D:1      | Reached skill level 3 in Axes
  1491 | D:2      | Found Fohipom's Antique Weapon Boutique.
  1565 | D:2      | Reached XP level 3. HP: 19/32 MP: 6/6
  1760 | D:2      | Found Rubb's Weapon Emporium.
  2071 | D:2      | Noticed Terence
  2134 | D:2      | Found Lumitz's Assorted Antiques.
  2181 | D:1      | Bought a scorched scale mail for 144 gold pieces
  2181 | D:1      | Identified the +3 scale mail of the Shoals {Dex+4} (You
                  | bought it in a shop on level 1 of the Dungeon)
  2415 | D:2      | Killed Terence
  2416 | D:2      | Reached skill level 4 in Axes
  2596 | D:2      | Bought a scroll labelled IJUARAESAD for 24 gold pieces
  2596 | D:2      | Bought a scroll labelled DAOPRI UNUOT for 24 gold pieces
  2596 | D:2      | Bought a viscous orange potion for 21 gold pieces
  2699 | D:2      | Reached XP level 4. HP: 35/39 MP: 7/7
  2923 | D:2      | Found Ystiyn's General Store.
  3038 | D:2      | Bought a scroll labelled JEAHUESEIG for 24 gold pieces
  3072 | D:3      | Noticed Ijyb
  3081 | D:3      | Killed Ijyb
  3556 | D:3      | Reached skill level 5 in Axes
  3556 | D:3      | Reached XP level 5. HP: 38/45 MP: 8/8
  4134 | D:3      | Found a runed translucent door.
  4142 | D:3      | Noticed inqbanana's ghost (weakling FeMo)
  4164 | D:3      | Reached skill level 6 in Axes
  4164 | D:3      | Reached XP level 6. HP: 5/52 MP: 9/9
  4653 | D:3      | Found a runed translucent door.
  5097 | D:4      | Killed inqbanana's ghost
  5112 | D:4      | Noticed Grinder
  5118 | D:4      | Paralysed by Grinder for 4 turns
  5123 | D:4      | Noticed a black bear
  5127 | D:4      | Paralysed by Grinder for 2 turns
  5130 | D:4      | Killed Grinder
  5131 | D:4      | Reached skill level 7 in Axes
  5131 | D:4      | Reached XP level 7. HP: 32/60 MP: 10/10
  5135 | D:4      | Reached skill level 8 in Axes
  5399 | D:4      | Noticed Duvessa
  5399 | D:4      | Noticed Dowan
  5506 | D:4      | Killed Duvessa
  5507 | D:4      | Reached skill level 9 in Axes
  5507 | D:4      | Reached XP level 8. HP: 34/67 MP: 11/11
  5515 | D:4      | Killed Dowan
  5813 | D:4      | Found a blossoming altar of Fedhas.
  5929 | D:4      | Found an opulent altar of Gozag.
  6198 | D:5      | Entered Level 5 of the Dungeon
  6403 | D:5      | Found a broken altar of Ashenzari.
  6451 | D:5      | Found Ineorit's Vocational Training.
  6842 | D:5      | Found a hazy altar of Hepliaklqana.
  6868 | D:5      | Reached skill level 10 in Axes
  8004 | D:5      | Reached skill level 11 in Axes
  8391 | D:6      | Reached XP level 9. HP: 41/73 MP: 12/12
  8574 | D:6      | Noticed Sigmund
  8583 | D:6      | Killed Sigmund
  8652 | D:6      | Reached skill level 12 in Axes
  9032 | D:6      | Found Heico's Armour Boutique.
 10204 | D:7      | Noticed Menkaure
 10430 | D:2      | Bought a +3 war axe of freezing for 279 gold pieces
 10710 | D:7      | Killed Menkaure
 10711 | D:7      | Reached skill level 13 in Axes
 11012 | D:7      | Found a staircase to the Ecumenical Temple.
 11029 | D:7      | Noticed Maggie
 11038 | D:7      | Killed Maggie
 11050 | Temple   | Entered the Ecumenical Temple
 11169 | Temple   | Became a worshipper of the Shining One
 11463 | D:7      | Reached XP level 10. HP: 53/80 MP: 13/13
 11751 | D:8      | Found Doc Sierch's Distillery.
 11776 | D:8      | Bought a potion of degeneration for 12 gold pieces
 11807 | D:8      | Reached skill level 14 in Axes
 12094 | D:8      | Reached * piety under the Shining One
 12750 | D:8      | Found an iron altar of Okawaru.
 13085 | D:8      | Reached skill level 15 in Axes
 13242 | D:8      | Found a staircase to the Lair.
 13421 | D:8      | Bought 2 potions of heal wounds for 120 gold pieces
 14298 | D:9      | Noticed an angel
 14299 | D:9      | Found a glowing silver altar of Zin.
 14528 | D:10     | Entered Level 10 of the Dungeon
 14851 | D:9      | Reached skill level 16 in Axes
 14853 | D:9      | Reached XP level 11. HP: 45/90 MP: 14/14
 15344 | D:10     | Found Zita's Assorted Antiques.
 15356 | D:10     | Reached skill level 5 in Fighting
 15542 | D:10     | Bought a scroll labelled ATUJEZ CEANIG for 28 gold pieces
 15807 | D:10     | Reached ** piety under the Shining One
 16321 | Lair:1   | Entered Level 1 of the Lair of Beasts
 17227 | Lair:1   | Reached skill level 10 in Fighting
 17227 | Lair:1   | Reached skill level 1 in Armour
 17234 | Lair:1   | Reached XP level 12. HP: 46/116 MP: 15/15
 17678 | Lair:1   | Identified the +1 robe of Zaono Ibo {Dex+4}
 18090 | Lair:2   | Found a staircase to the Shoals.
 18504 | Lair:2   | Identified the +5 spear of Evil {vorpal, Will- Str+3 Dex+7
                  | Stlth-}
 18514 | Lair:2   | Reached skill level 5 in Armour
 18689 | Lair:2   | Found a hole to the Spider Nest.
 19158 | Lair:3   | Noticed a catoblepas
 19168 | Lair:3   | Killed a catoblepas
 19811 | Lair:4   | Noticed a five-headed hydra
 20009 | Lair:4   | Killed a one-headed hydra
 20193 | Lair:4   | Gained mutation: You can use your snake-like lower body to
                  | constrict enemies. [Naga growth]
 20193 | Lair:4   | Reached XP level 13. HP: 115/123 MP: 16/16
 20369 | Lair:4   | Found a staircase to the Slime Pits.
 20369 | Lair:4   | Found a viscous altar of Jiyva.
 20369 | Lair:4   | Reached *** piety under the Shining One
 20391 | Lair:4   | Reached skill level 10 in Armour
 20619 | Lair:4   | Reached skill level 1 in Shields
 21042 | Lair:5   | Entered Level 5 of the Lair of Beasts
 21372 | Lair:5   | Noticed Sonja
 21383 | Abyss:2  | Cast into level 2 of the Abyss (Sonja)
 21427 | Abyss:2  | Noticed a starcursed mass
 21444 | Abyss:2  | Reached skill level 1 in Invocations
 21485 | Abyss:2  | Killed a starcursed mass
 21485 | Abyss:2  | Noticed a bone dragon
 21493 | Abyss:2  | Paralysed by you for 3 turns
 21765 | Abyss:2  | Reached **** piety under the Shining One
 21786 | Abyss:2  | Noticed a tentacled starspawn
 21797 | Abyss:2  | Killed a tentacled starspawn
 21798 | Abyss:2  | Reached skill level 5 in Invocations
 21829 | Abyss:2  | Noticed a tentacled starspawn
 21849 | Abyss:2  | Noticed a pearl dragon
 21867 | Abyss:2  | Found a corrupted altar of Lugonu.
 21899 | Abyss:2  | Reached ***** piety under the Shining One
 21921 | Abyss:2  | HP: 1/129 [smoke demon/divine providence (13)]
 21922 | Abyss:2  | Mangled by a pearl dragon

Illustrated notes

Levels and vault maps discovered:
D:1:      dpeg_arrival_solitude, layout_loops_corners, serial_shops, shop_coins,
          nicolae_ecumenical_lake_church, roderic_lattice_a
D:2:      minmay_chambers_of_twos, layout_basic, serial_shops, shop_coins,
          nicolae_shop_hallway_plus, nicolae_shop_hallway_plus, shop,
          glass_columns_a, uniq_terence
D:3:      wad_lake_hut, layout_loops_ring, ebering_ghost_sewer_f,
          minmay_increasing_density, uniq_ijyb
D:4:      layout_loops_ring, grunt_gozag_statues, general_overflow_altar,
          uniq_duvessa, uniq_grinder
D:5:      layout_basic, ashenzari_altar_1, lemuel_doored_altar,
          chequers_serial_rivers_small_a, nicolae_shop_vocational
D:6:      layout_loops_cross, serial_shops, shop,
          chequers_serial_rivers_micro_a, uniq_sigmund
D:7:      layout_cave_pools, minmay_temple_entry_crystal_x, uniq_maggie,
          uniq_menkaure
D:8:      layout_rooms, okawaru_metal_pillars_1_2, erik_lair_dragon,
          serial_shops, shop, serial_bayou_crossing
D:9:      layout_basic, zin_angel
D:10:     layout_small_grid, serial_shops, nicolae_shop_overgrown_old_shop
Temple:   nicolae_temple_elliptical
Lair:1:   layout_loops_ring, infiniplex_staircase_pool
Lair:2:   layout_chaotic_city, minmay_shoals_entry_beasts,
          nicolae_spider_entry_orb_guardian
Lair:3:   layout_regular_city
Lair:4:   layout_roguey, slime_entry_1
Lair:5:   cheibrodos_lair_end_hotspot, layout_cellular_growth, basic_altar,
          kilobyte_rumbling_trees, uniq_sonja
Abyss:2:  base: D:15, minivault_1, minivault_28, bh_abyss_exit_spiral

Skill      XL: |  1  2  3  4  5  6  7  8  9 10 11 12 13 |
---------------+----------------------------------------+-----
Axes           | 3 4 5 6 7 9 11 13 16 | 16.0
Fighting       | 3 10 | 10.0
Armour         | 1 8 10 | 10.0
Shields        | 4 |  4.4
Invocations    | 6 |  6.5
Throwing       | |  0.8
Dodging        | |  1.5
Spellcasting   | |  2.0
Translocations | |  3.0

Action                   |  1- 3 |  4- 6 |  7- 9 | 10-12 | 13-15 || total
-------------------------+-------+-------+-------+-------+-------++-------
Melee: Hand axe          |   112 |   205 |   476 |       |       ||   793
       Punch             |       |     2 |     7 |     1 |       ||    10
       War axe           |       |       |    30 |   534 |   211 ||   775
       Scimitar          |       |       |       |     5 |       ||     5
       Constrict         |       |       |       |       |    30 ||    30
Throw: Boomerang         |     1 |       |       |       |       ||     1
 Abil: Spit Poison       |    14 |    13 |    27 |     9 |       ||    63
Evoke: Wand              |       |     2 |     2 |       |       ||     4
  Use: Scroll            |     2 |     8 |     1 |    22 |     6 ||    39
       Potion            |     2 |     2 |     3 |     3 |    11 ||    21
Armor: Leather armour    |    28 |       |       |       |       ||    28
       Scale mail        |     7 |   143 |   331 |   323 |   132 ||   936
       Skin              |       |       |       |       |     6 ||     6
Dodge: Dodged            |    73 |    82 |   138 |    94 |    35 ||   422
Block: Kite shield       |       |       |       |   157 |    78 ||   235
